 Dungeon Crawl Stone Soup version 0.23.2-1-ga50397a6bc (webtiles) character file.

Game seed: 18058681636752400911

426 Revguard the Distorting Demonspawn (level 6, -1/48 HPs)
             Began as a Demonspawn Abyssal Knight on May 31, 2019.
             Was a Believer of Lugonu.
             Killed by divine providence
             ... invoked by an orc priest
              (15 damage)
             ... on level 5 of the Dungeon.
             The game lasted 00:12:53 (4019 turns).

Revguard the Distorting Demonspawn (DsAK)           Turns: 4019, Time: 00:12:55

Health: -1/48      AC: 17    Str: 14    XL:     6   Next: 64%
Magic:  9/9        EV:  4    Int: 13    God:    Lugonu [**....]
Gold:   278        SH:  0    Dex: 13    Spells: 5/5 levels left

rFire    + . .     SeeInvis .   b - +2 trident (vamp)
rCold    . . .     Gourm    .   (no shield)
rNeg     . . .     Faith    .   l - +0 plate armour
rPois    .         Spirit   .   (no helmet)
rElec    .         Reflect  .   (no cloak)
rCorr    .         Harm     .   i - +0 pair of gloves
MR       .....                  d - +0 pair of boots
Stlth    ..........             (no amulet)
HPRegen  0.16/turn              r - ring of stealth
MPRegen  0.11/turn              (no ring)

@: marked, invisible
A: claws 1, molten scales 3, demonic guardian 1
a: Depart the Abyss, Bend Space, Renounce Religion


You were on level 5 of the Dungeon.
You worshipped Lugonu.
Lugonu was pleased with you.
You were hungry.

You visited 1 branch of the dungeon, and saw 5 of its levels.
You visited the Abyss 1 time.

You collected 278 gold pieces.

Inventory:

Hand Weapons
 a - a +1 hand axe
 b - a +2 vampiric trident (weapon)
 k - a +1 war axe of chopping
Armour
 d - a +0 pair of boots (worn)
 e - a +1 ring mail
 i - a +0 pair of gloves (worn)
 l - a +0 plate armour (worn)
Jewellery
 r - a ring of stealth (left hand)
Wands
 n - a wand of iceblast (9)
Scrolls
 f - a scroll of amnesia
 o - a scroll of enchant weapon {unknown}
Potions
 h - a potion of flight
 p - a potion of brilliance
Comestibles
 c - 6 rations


   Skills:
 + Level 4.1 Fighting
 - Level 3.0(3.5) Axes
 + Level 2.8(3.5) Polearms
 * Level 3.1 Armour
 + Level 1.6 Dodging
 * Level 4.5 Invocations


You had 5 spell levels left.
You didn't know any spells.
Your spell library contained the following spells:

 Spells                   Type           Power        Failure   Level  Hunger
 Animate Skeleton         Necr           N/A          100%        1    ##.....
 Pain                     Necr           #...         100%        1    ##.....
 Regeneration             Chrm/Necr      #.........   100%        3    ####...
 Vampiric Draining        Necr           #.........   100%        3    ####...
 Animate Dead             Necr           N/A          100%        4    #####..


Dungeon Overview and Level Annotations

Branches:
Dungeon (5/15)
 Temple: D:4-7

Altars:
Yredelemnul


Innate Abilities, Weirdness & Mutations

You have sharp fingernails.
You are completely covered in molten scales. (AC +4, rF+)
A weak demonic guardian rushes to your aid.


Message History

Your white imp misses the sky beast.
An iguana comes into view.
Your shadow imp hits the sky beast but does no damage.
The howler monkey barely misses you.
The howler monkey hoots and howls with incredible vigour!
An orc priest comes into view. It is wielding a +0 club.
The orc priest calls down the wrath of Beogh upon you.
Beogh smites you!
* * * LOW HITPOINT WARNING * * *
An adder comes into view.
The leopard gecko skeleton bites you but does no damage.
You feel better.
The leopard gecko skeleton bites you but does no damage.
You fade into invisibility!
Your white imp gestures at the sky beast.
The puff of frost hits the sky beast!
A frilled lizard comes into view.
The orc priest calls down the wrath of Beogh upon you.
Beogh smites you!
You die...

####### #.....# .# .
#.....# #####.# ####
#..##.....######...$.##....
#.....>.)..†.)............
##....<..####Y............
%..........@Zrh............
###.........##o............
#..######.##.o5..........
##. #l.#.O...........
#..#####o##..5..........
.......S................
##.#...l....#.....##....
#..##..########.## ####
##..[l.# #.#


You could see a sky beast, a howler monkey, an iguana, 2 orc priests, an adder,
a quokka, a frilled lizard, a leopard gecko skeleton and a friendly white imp.

Vanquished Creatures
  Edmund (D:5)
  A phantom (D:4)
  2 worker ants (D:4)
  A hound skeleton (D:4)
  7 adders
  A shadow imp (D:5)
  An ufetubus (Abyss:1)
  An ooze (D:2)
  3 worms
  3 dart slugs (D:1)
  5 leopard geckos
  7 orcs
  2 giant cockroaches (D:1)
  2 gnoll zombies (D:4)
  13 goblins
  7 hobgoblins
  4 jackals (D:4)
  A quokka (D:4)
  4 ball pythons
  A ball python skeleton (D:4)
  5 bats
  5 frilled lizards
  4 kobolds
  4 rats
85 creatures vanquished.

Vanquished Creatures (collateral kills)
  A quokka (D:5)
1 creature vanquished.

Grand Total: 86 creatures vanquished

Notes
Turn   | Place    | Note
-------+----------+-------------------------------------------
     0 | Abyss:1  | Revguard the Demonspawn Abyssal Knight began the quest for
                  | the Orb.
     0 | Abyss:1  | Reached XP level 1. HP: 18/18 MP: 2/2
    95 | Abyss:1  | Noticed a wraith
   119 | Abyss:1  | Noticed a large abomination
   126 | D:1      | Escaped the Abyss
   144 | D:1      | Gained mutation: You have sharp fingernails. [demonic
                  | ancestry]
   144 | D:1      | Reached XP level 2. HP: 12/24 MP: 4/4
   332 | D:1      | Reached * piety under Lugonu
   669 | D:1      | Reached skill level 1 in Dodging
   736 | D:1      | Gained mutation: You are partially covered in molten
                  | scales. (AC +2) [demonic ancestry]
   736 | D:1      | Reached XP level 3. HP: 22/29 MP: 5/5
  1334 | D:2      | Gained mutation: A weak demonic guardian rushes to your
                  | aid. [demonic ancestry]
  1334 | D:2      | Reached XP level 4. HP: 37/37 MP: 6/6
  1823 | D:3      | Reached ** piety under Lugonu
  2138 | D:3      | Gained mutation: You are mostly covered in molten scales.
                  | (AC +3) [demonic ancestry]
  2138 | D:3      | Reached XP level 5. HP: 42/42 MP: 7/7
  2670 | D:4      | Reached skill level 1 in Polearms
  2757 | D:4      | Noticed a phantom
  2802 | D:4      | Killed a phantom
  2963 | D:4      | Gained mutation: You are completely covered in molten
                  | scales. (AC +4, rF+) [demonic ancestry]
  2963 | D:4      | Reached XP level 6. HP: 43/48 MP: 9/9
  3541 | D:4      | Found a basalt altar of Yredelemnul.
  3894 | D:5      | Entered Level 5 of the Dungeon
  3902 | D:5      | Noticed Edmund
  3926 | D:5      | Killed Edmund
  4005 | D:5      | Noticed a sky beast
  4019 | D:5      | Killed from afar by an orc priest

Skill      XL: |  1  2  3  4  5  6 |
---------------+-------------------+-----
Armour         | 2 3 |  3.1
Dodging        | 1 |  1.6
Axes           | 2 3 |  3.0
Invocations    | 3 4 |  4.5
Fighting       | 4 |  4.1
Polearms       | 1 2 |  2.8

Action                   |  1- 3 |  4- 6 || total
-------------------------+-------+-------++-------
Melee: Hand axe          |   110 |    67 ||   177
       Trident           |       |   153 ||   153
Invok: Depart the Abyss  |     1 |       ||     1
  Use: Potion            |     2 |     4 ||     6
       Scroll            |       |    11 ||    11
 Stab: Distracted        |       |     1 ||     1
  Eat: Chunk             |     1 |     3 ||     4
       Ration            |       |     3 ||     3
Armor: Leather armour    |     2 |       ||     2
       Ring mail         |    48 |    62 ||   110
       Plate armour      |       |   102 ||   102
Dodge: Dodged            |    51 |    91 ||   142
